[Event "Moscow Open RSSU Cup 2020"]
[Site "Moscow"]
[Date "2020.01.25"]
[Round "1.1"]
[White "Grachev, Boris"]
[Black "Odegov, Artem"]
[Result "1-0"]
[ECO "D41"]
[WhiteElo "2614"]
[BlackElo "2239"]
[Annotator "RC"]
[PlyCount "45"]
[EventDate "2020.01.25"]
[EventType "swiss"]
[EventCountry "RUS"]
[SourceTitle "playchess.com"]
[Source "ChessBase"]
[SourceQuality "1"]
[TimeControl "40/5400+30:1800+30"]

1. Nf3 Nf6 2. c4 e6 3. Nc3 d5 4. d4 c5 5. cxd5 cxd4 6. Qxd4 exd5 7. e4 Nc6 8. Bb5 dxe4 9. Qxd8+ Kxd8 10. Ng5 Ke7 11. Be3 Bf5 12. O-O-O h6 13. Ngxe4 Bxe4 14. Rhe1 Ke6 15. Bd2 Bb4 16. Nxe4 Bxd2+ 17. Nxd2+ Kf5 18. Bd3+ Kg5 19. Nf3+ Kf4 20. Re3 Rhe8 21. g3+ Kg4 22. h3+ Kh5 23. Bf5 1-0

[Event "Moscow Open RSSU Cup 2020"]
[Site "Moscow"]
[Date "2020.01.25"]
[Round "1.3"]
[White "Petrosyan, Manuel"]
[Black "Chibukhchyan, Erik"]
[Result "1-0"]
[ECO "A20"]
[WhiteElo "2590"]
[BlackElo "2233"]
[Annotator "ChessBase"]
[PlyCount "111"]
[EventDate "2020.01.25"]
[EventType "swiss"]
[EventCountry "RUS"]
[SourceTitle "playchess.com"]
[Source "ChessBase"]
[SourceQuality "1"]
[TimeControl "40/5400+30:1800+30"]

1. c4 e5 2. g3 Nf6 3. Bg2 d5 4. cxd5 Nxd5 5. Nf3 Nc6 6. O-O Nb6 7. b3 g6 8. Nc3 Bg7 9. Ba3 Ne7 10. Rc1 a6 11. Qc2 O-O 12. Rfd1 Bf5 13. Ne4 Re8 14. d3 Nc6 15. Nc5 Bc8 16. e3 Nd5 17. Bb2 Ndb4 18. Qb1 a5 19. d4 exd4 20. Nxd4 Qe7 21. Nxc6 Nxc6 22. Bxg7 Kxg7 23. Qb2+ f6 24. Nxb7 Ne5 25. h3 Bxb7 26. Bxb7 Rab8 27. Bg2 a4 28. Qc3 axb3 29. axb3 c5 30. Bd5 Rec8 31. Kg2 g5 32. f4 gxf4 33. exf4 Ng6 34. Re1 Qd6 35. Rcd1 Re8 36. Bf3 Qc7 37. Rxe8 Rxe8 38. b4 Nxf4+ 39. gxf4 Qxf4 40. Qxc5 Kh8 41. Qd4 Rg8+ 42. Bg4 Qxd4 43. Rxd4 h5 44. Kf3 hxg4+ 45. hxg4 Kg7 46. Ke4 Kf7 47. Kd5 Ke7 48. Kc6 Rc8+ 49. Kb7 Rc1 50. b5 Rb1 51. b6 Ke6 52. Kc7 Rc1+ 53. Kb8 Rb1 54. b7 Ke7 55. Ra4 Kd7 56. Ka8 1-0

[Event "Moscow Open RSSU Cup 2020"]
[Site "Moscow"]
[Date "2020.01.25"]
[Round "1.4"]
[White "Kirillov, Dmitry"]
[Black "Timofeev, Artyom"]
[Result "0-1"]
[ECO "B01"]
[WhiteElo "2232"]
[BlackElo "2588"]
[Annotator "ChessBase"]
[PlyCount "36"]
[EventDate "2020.01.25"]
[EventType "swiss"]
[EventCountry "RUS"]
[SourceTitle "playchess.com"]
[Source "ChessBase"]
[SourceQuality "1"]
[TimeControl "40/5400+30:1800+30"]

1. e4 d5 2. exd5 Qxd5 3. Nc3 Qd8 4. d4 g6 5. Nf3 Bg7 6. Bc4 Nf6 7. O-O O-O 8. Bf4 Bg4 9. Re1 c6 10. d5 cxd5 11. Nxd5 Nc6 12. Bc7 Qd7 13. Nxf6+ Bxf6 14. Qxd7 Bxd7 15. Ne5 Rfc8 16. Nxd7 Bxb2 17. Be5 Bxa1 18. Bxa1 Rc7 0-1

[Event "Moscow Open RSSU Cup 2020"]
[Site "Moscow"]
[Date "2020.01.25"]
[Round "1.7"]
[White "Sychev, Klementy"]
[Black "Skorodelov, Semen"]
[Result "1-0"]
[ECO "C61"]
[WhiteElo "2563"]
[BlackElo "2228"]
[Annotator "ChessBase"]
[PlyCount "91"]
[EventDate "2020.01.25"]
[EventType "swiss"]
[EventCountry "RUS"]
[SourceTitle "playchess.com"]
[Source "ChessBase"]
[SourceQuality "1"]
[TimeControl "40/5400+30:1800+30"]

1. e4 e5 2. Nf3 Nc6 3. Bb5 Nd4 4. Nxd4 exd4 5. O-O Bc5 6. Re1 Ne7 7. Qh5 Bb6 8. d3 O-O 9. Bc4 d6 10. Bg5 Be6 11. Nd2 Qd7 12. Bxe6 fxe6 13. a4 c5 14. Nf3 Ng6 15. Bd2 Bd8 16. c3 dxc3 17. bxc3 Bf6 18. Qg4 Rae8 19. d4 cxd4 20. cxd4 b6 21. h4 Rf7 22. Rec1 d5 23. h5 Nf8 24. e5 Be7 25. Ne1 Rc8 26. Rxc8 Qxc8 27. Rc1 Qe8 28. Qd1 Ba3 29. Rb1 Rb7 30. Nd3 Qc8 31. Rb3 Be7 32. h6 g6 33. Bb4 Bxb4 34. Rxb4 Qc3 35. a5 Rf7 36. axb6 axb6 37. g3 Rf5 38. Kg2 Nd7 39. Ra4 Nf8 40. Nf4 Rf7 41. Ra8 Qb2 42. Qg4 b5 43. Qxe6 Qxd4 44. Qxd5 Qb6 45. Rxf8+ Kxf8 46. Qa8+ 1-0

[Event "Moscow Open RSSU Cup 2020"]
[Site "Moscow"]
[Date "2020.01.25"]
[Round "1.8"]
[White "Shoboev, Dandar"]
[Black "Tsydypov, Zhamsaran"]
[Result "0-1"]
[ECO "E09"]
[WhiteElo "2228"]
[BlackElo "2553"]
[Annotator "ChessBase"]
[PlyCount "74"]
[EventDate "2020.01.25"]
[EventType "swiss"]
[EventCountry "RUS"]
[SourceTitle "playchess.com"]
[Source "ChessBase"]
[SourceQuality "1"]
[TimeControl "40/5400+30:1800+30"]

1. d4 Nf6 2. c4 e6 3. g3 d5 4. Nf3 c6 5. Bg2 Nbd7 6. Qc2 Be7 7. O-O O-O 8. Nbd2 b6 9. Rd1 Bb7 10. e4 Rc8 11. b3 c5 12. exd5 exd5 13. Qf5 g6 14. Qf4 cxd4 15. Nxd4 Nh5 16. Qg4 Bc5 17. Bb2 Re8 18. cxd5 Nhf6 19. Qh3 Ne5 20. Nc4 Neg4 21. b4 Bxb4 22. Nc6 Bxc6 23. dxc6 Qe7 24. Bf3 h5 25. Qg2 Bc5 26. Bd4 Bxd4 27. Rxd4 Qc5 28. Rf4 g5 29. Rxf6 Nxf6 30. Qf1 Ne4 31. Bxh5 Rxc6 32. Ne3 Kf8 33. Re1 Rf6 34. Ng4 Rfe6 35. Rc1 Qd4 36. Qb5 Nc5 37. Qb1 Qh8 0-1

[Event "Moscow Open RSSU Cup 2020"]
[Site "Moscow"]
[Date "2020.01.25"]
[Round "1.9"]
[White "Sindarov, Javokhir"]
[Black "Zhuravlev, Stepan"]
[Result "1-0"]
[ECO "C92"]
[WhiteElo "2537"]
[BlackElo "2227"]
[Annotator "ChessBase"]
[PlyCount "63"]
[EventDate "2020.01.25"]
[EventType "swiss"]
[EventCountry "RUS"]
[SourceTitle "playchess.com"]
[Source "ChessBase"]
[SourceQuality "1"]
[TimeControl "40/5400+30:1800+30"]

1. e4 e5 2. Nf3 Nc6 3. Bb5 a6 4. Ba4 Nf6 5. O-O Be7 6. Re1 b5 7. Bb3 d6 8. c3 O-O 9. h3 Bb7 10. d4 Re8 11. Ng5 Rf8 12. Nf3 Re8 13. Nbd2 Bf8 14. a4 h6 15. Bc2 exd4 16. cxd4 Nb4 17. Bb1 c5 18. d5 Nd7 19. Ra3 f5 20. g4 f4 21. Nb3 Ne5 22. Bd2 Ned3 23. Bxd3 Nxd3 24. Ba5 Qd7 25. Qxd3 c4 26. Qd2 cxb3 27. axb5 axb5 28. Nd4 h5 29. f3 Qe7 30. Rxb3 Qh4 31. Nf5 Qxh3 32. Re2 1-0

[Event "Moscow Open RSSU Cup 2020"]
[Site "Moscow"]
[Date "2020.01.25"]
[Round "1.10"]
[White "Arbuzov, Mikhail"]
[Black "Lintchevski, Daniil"]
[Result "0-1"]
[ECO "E44"]
[WhiteElo "2227"]
[BlackElo "2536"]
[Annotator "ChessBase"]
[PlyCount "90"]
[EventDate "2020.01.25"]
[EventType "swiss"]
[EventCountry "RUS"]
[SourceTitle "playchess.com"]
[Source "ChessBase"]
[SourceQuality "1"]
[TimeControl "40/5400+30:1800+30"]

1. d4 Nf6 2. c4 e6 3. Nc3 Bb4 4. e3 b6 5. Nge2 Ne4 6. Qc2 Bb7 7. a3 Bxc3+ 8. Nxc3 Nxc3 9. Qxc3 O-O 10. b3 d6 11. Bb2 Qf6 12. Qc2 Nd7 13. Bd3 Qh6 14. O-O f5 15. Rae1 Rae8 16. f3 a5 17. e4 fxe4 18. Bxe4 Bxe4 19. Rxe4 Qg6 20. Qe2 Re7 21. f4 h6 22. b4 axb4 23. axb4 Kh8 24. d5 e5 25. fxe5 Rxf1+ 26. Kxf1 dxe5 27. g3 b5 28. Kg2 bxc4 29. Qxc4 Nb6 30. Qd3 Qd6 31. b5 Nxd5 32. Qe2 Qg6 33. Kh1 c6 34. Rxe5 Rxe5 35. Qxe5 cxb5 36. Kg2 Nb4 37. Bd4 Nc6 38. Qd5 Nxd4 39. Qxd4 Qc2+ 40. Kf3 Qb3+ 41. Kf4 Qa4 42. Ke5 Qxd4+ 43. Kxd4 Kh7 44. Kc5 Kg6 45. Kxb5 Kf5 0-1

[Event "Moscow Open RSSU Cup 2020"]
[Site "Moscow"]
[Date "2020.01.25"]
[Round "1.11"]
[White "Khegay, Dmitriy"]
[Black "Burmakin, Evgeniy"]
[Result "1-0"]
[ECO "A09"]
[WhiteElo "2533"]
[BlackElo "2223"]
[Annotator "ChessBase"]
[PlyCount "83"]
[EventDate "2020.01.25"]
[EventType "swiss"]
[EventCountry "RUS"]
[SourceTitle "playchess.com"]
[Source "ChessBase"]
[SourceQuality "1"]
[TimeControl "40/5400+30:1800+30"]

1. Nf3 d5 2. c4 d4 3. b4 f6 4. d3 e5 5. a3 a5 6. b5 Bd6 7. g3 Ne7 8. Bg2 Nd7 9. O-O O-O 10. e3 c5 11. exd4 cxd4 12. Nbd2 Nc5 13. Nb3 Ne6 14. a4 Rb8 15. Nfd2 b6 16. Ne4 Bb4 17. Bd2 Bxd2 18. Qxd2 Bb7 19. Rfe1 h6 20. Qe2 f5 21. Ned2 Bxg2 22. Qxe5 Ba8 23. Qxe6+ Rf7 24. Re5 Bb7 25. Re2 Kf8 26. Rae1 Rc8 27. Qe5 Ng6 28. Qxd4 Rd7 29. Re8+ Qxe8 30. Rxe8+ Kxe8 31. Qxb6 Ne5 32. Nc5 Rxc5 33. Qxc5 Re7 34. d4 Nd3 35. Qxf5 Re1+ 36. Nf1 Be4 37. Qc8+ Kf7 38. f3 Bg6 39. b6 Nc1 40. Qc7+ Kf6 41. Qe5+ Rxe5 42. dxe5+ 1-0

[Event "Moscow Open RSSU Cup 2020"]
[Site "Moscow"]
[Date "2020.01.25"]
[Round "1.12"]
[White "Yeremyan, Alen"]
[Black "Kunin, Vitaly"]
[Result "1/2-1/2"]
[ECO "A46"]
[WhiteElo "2221"]
[BlackElo "2533"]
[Annotator "ChessBase"]
[PlyCount "124"]
[EventDate "2020.01.25"]
[EventType "swiss"]
[EventCountry "RUS"]
[SourceTitle "playchess.com"]
[Source "ChessBase"]
[SourceQuality "1"]
[TimeControl "40/5400+30:1800+30"]

1. d4 d6 2. Nf3 Bg4 3. Nbd2 Nf6 4. g3 c6 5. Bg2 Nbd7 6. O-O e5 7. c3 Be7 8. Qc2 O-O 9. e4 Re8 10. dxe5 dxe5 11. a4 Qc7 12. h3 Be6 13. Ng5 Nf8 14. Nxe6 Nxe6 15. Nc4 b5 16. axb5 cxb5 17. Ne3 Rab8 18. Nd5 Nxd5 19. exd5 Nc5 20. Be3 Rec8 21. Rfc1 a5 22. b3 Bd6 23. Qd1 Qd8 24. b4 axb4 25. cxb4 Na4 26. Qg4 Qf8 27. Rxc8 Rxc8 28. Qd7 Nc3 29. Bb6 e4 30. Qb7 Rb8 31. Qc6 Rc8 32. Qb7 Bxb4 33. Bc7 Re8 34. Kh2 h5 35. Qc6 Kh7 36. d6 Re6 37. Ra8 Bxd6 38. Rxf8 Bxg3+ 39. Bxg3 Rxc6 40. Rxf7 Re6 41. Rc7 Ne2 42. Bh4 Nf4 43. Bf1 e3 44. fxe3 Rxe3 45. Rf7 Rf3 46. Bg2 Nxg2 47. Rxf3 Nxh4 48. Rf4 g5 49. Rb4 g4 50. hxg4 hxg4 51. Rxb5 Kg6 52. Kg3 Nf5+ 53. Kxg4 Ne7 54. Rb6+ Kf7 55. Ra6 Ke8 56. Kf4 Kf7 57. Ke5 Ng6+ 58. Kf5 Ne7+ 59. Kg5 Nd5 60. Rd6 Ne7 61. Rd7 Ke6 62. Rxe7+ Kxe7 1/2-1/2

[Event "Moscow Open RSSU Cup 2020"]
[Site "Moscow"]
[Date "2020.01.25"]
[Round "1.13"]
[White "Bodnaruk, Anastasia"]
[Black "Tokmakova, Ulyana"]
[Result "1-0"]
[ECO "C16"]
[WhiteElo "2411"]
[BlackElo "1895"]
[Annotator "NA"]
[PlyCount "83"]
[EventDate "2020.01.25"]
[EventType "swiss"]
[EventCountry "RUS"]
[SourceTitle "playchess.com"]
[Source "ChessBase"]
[SourceQuality "1"]
[TimeControl "40/5400+30:1800+30"]

1. e4 e6 2. d4 d5 3. Nc3 Bb4 4. e5 Ne7 5. a3 Bxc3+ 6. bxc3 b6 7. Qg4 Ng6 8. h4 h5 9. Qf3 Nxh4 10. Qd1 Ba6 11. Bxa6 Nxa6 12. g3 Ng6 13. Rxh5 Rxh5 14. Qxh5 Qd7 15. a4 O-O-O 16. Kf1 c5 17. Qh7 cxd4 18. cxd4 Qc7 19. Bg5 Qc4+ 20. Kg2 Rh8 21. Qxg7 Qxd4 22. Qxf7 Qxa1 23. Qxe6+ Kb8 24. Qxg6 Nc7 25. Qc6 Qd1 26. e6 Rf8 27. Be7 Rxf2+ 28. Kxf2 Qd4+ 29. Kf1 Qd1+ 30. Kg2 Qd2+ 31. Kh3 Qh6+ 32. Bh4 Nxe6 33. Qd6+ Kc8 34. Qxd5 Nc5 35. Nf3 Qg6 36. Qa8+ Kc7 37. Bd8+ Kd6 38. Qb8+ Kd5 39. Qe5+ Kc6 40. Qc7+ Kd5 41. c4+ Ke4 42. Qf4+ 1-0

[Event "Moscow Open RSSU Cup 2020"]
[Site "Moscow"]
[Date "2020.01.25"]
[Round "1.15"]
[White "Gritsayeva, Oksana"]
[Black "Stepanyan, Eva"]
[Result "1-0"]
[ECO "D38"]
[WhiteElo "2383"]
[BlackElo "1881"]
[Annotator "NA RC"]
[PlyCount "85"]
[EventDate "2020.01.25"]
[EventType "swiss"]
[EventCountry "RUS"]
[SourceTitle "playchess.com"]
[Source "ChessBase"]
[SourceQuality "1"]
[TimeControl "40/5400+30:1800+30"]

1. d4 Nf6 2. Nf3 d5 3. c4 e6 4. Nc3 Bb4 5. Qa4+ Nc6 6. Bg5 O-O 7. e3 Bd7 8. Qc2 h6 9. Bxf6 Qxf6 10. a3 Bxc3+ 11. Qxc3 Rfe8 12. Be2 dxc4 13. Qxc4 Rac8 14. O-O e5 15. d5 Ne7 16. Rfd1 Nf5 17. Rac1 c6 18. Qb4 Rb8 19. Qa5 Ne7 20. dxc6 Nxc6 21. Qc7 Bg4 22. h3 Bh5 23. g4 Bg6 24. Rd6 Rbc8 25. Qxc8 Rxc8 26. Rxf6 gxf6 27. Nh4 Rd8 28. Bb5 Rd6 29. Bxc6 Rxc6 30. Rxc6 bxc6 31. f3 Kf8 32. e4 Ke7 33. Kf2 Kd6 34. Ke3 Kc5 35. Kd3 Bh7 36. Kc3 a5 37. a4 Bg6 38. Ng2 f5 39. exf5 Bh7 40. Ne3 f6 41. Nc4 Bg8 42. Nxa5 Bd5 43. b4+ 1-0

[Event "Moscow Open RSSU Cup 2020"]
[Site "Moscow"]
[Date "2020.01.25"]
[Round "1.16"]
[White "Melnikova, Diana V"]
[Black "Guseva, Marina"]
[Result "0-1"]
[ECO "B53"]
[WhiteElo "1877"]
[BlackElo "2379"]
[Annotator "NA"]
[PlyCount "70"]
[EventDate "2020.01.25"]
[EventType "swiss"]
[EventCountry "RUS"]
[SourceTitle "playchess.com"]
[Source "ChessBase"]
[SourceQuality "1"]
[TimeControl "40/5400+30:1800+30"]

1. e4 c5 2. Nf3 d6 3. d4 cxd4 4. Qxd4 a6 5. h3 Nc6 6. Qe3 g6 7. Be2 Bg7 8. O-O Nf6 9. c4 Nd7 10. Nc3 Nc5 11. Rb1 a5 12. b3 O-O 13. Bb2 f5 14. Rfe1 h6 15. Nh4 Kh7 16. exf5 g5 17. f6 Rxf6 18. Bd3+ Nxd3 19. Qxd3+ Kg8 20. Nf3 Rf7 21. a3 Qf8 22. Ne4 Bf5 23. Bxg7 Qxg7 24. Qd5 Kh8 25. Rbd1 g4 26. hxg4 Bxg4 27. Ned2 Rg8 28. g3 Rgf8 29. Re3 Rf5 30. Qe4 Ne5 31. Nxe5 Rxe5 32. Qc2 Rxe3 33. fxe3 Bxd1 34. Qxd1 Qxg3+ 35. Kh1 Rf2 0-1

[Event "Moscow Open RSSU Cup 2020"]
[Site "Moscow"]
[Date "2020.01.28"]
[Round "4.7"]
[White "Samusenko, Maksim"]
[Black "Petrosyan, Manuel"]
[Result "*"]
[ECO "A45"]
[WhiteElo "2452"]
[BlackElo "2590"]
[Annotator "RC"]
[PlyCount "80"]
[EventDate "2020.01.25"]
[EventType "swiss"]
[EventCountry "RUS"]
[SourceTitle "playchess.com"]
[Source "ChessBase"]
[SourceQuality "1"]
[TimeControl "40/5400+30:1800+30"]

1. d4 Nf6 2. Bf4 g6 3. Nc3 d5 4. e3 Bg7 5. h4 h5 6. Nf3 c6 7. Qd2 O-O 8. Ne5 Nfd7 9. O-O-O Nxe5 10. Bxe5 Bh6 11. Bf4 Bg7 12. Be2 Nd7 13. e4 b5 14. exd5 b4 15. Nb1 cxd5 16. Qxb4 e5 17. dxe5 Nxe5 18. Nc3 Be6 19. Rhe1 Rb8 20. Bb5 Qxh4 21. g3 Qg4 22. Qa4 Rxb5 23. Qxb5 Nf3 24. Nxd5 Nxe1 25. Rxe1 Qf3 26. Ne7+ Kh7 27. Qd3 Qxd3 28. cxd3 Bf6 29. Bd6 Rd8 30. Bc5 Rd7 31. Nc6 Rc7 32. d4 Rxc6 33. Kd2 Bxa2 34. Ra1 Ra6 35. b3 Ra5 36. b4 Ra4 37. Kc3 a6 38. g4 Bb3 39. Rh1 Bd5 40. Rh2 h4 *

[Event "Moscow Open RSSU Cup 2020"]
[Site "Moscow"]
[Date "2020.01.29"]
[Round "5.1"]
[White "Lintchevski, Daniil"]
[Black "Tsydypov, Zhamsaran"]
[Result "1/2-1/2"]
[ECO "B22"]
[WhiteElo "2536"]
[BlackElo "2553"]
[Annotator "ChessBase"]
[PlyCount "94"]
[EventDate "2020.01.25"]
[EventType "swiss"]
[EventCountry "RUS"]
[SourceTitle "playchess.com"]
[Source "ChessBase"]
[SourceQuality "1"]
[TimeControl "40/5400+30:1800+30"]

1. e4 c5 2. c3 d5 3. exd5 Qxd5 4. d4 Nc6 5. Nf3 Nf6 6. Be2 e6 7. Na3 cxd4 8. Nb5 Qd8 9. Nbxd4 Bd7 10. O-O a6 11. Nxc6 Bxc6 12. Ne5 Qxd1 13. Rxd1 Be4 14. Bf4 Bc5 15. Nc4 O-O 16. Bd6 Rfc8 17. Bxc5 Rxc5 18. Nb6 Re8 19. c4 Rc6 20. Nd7 Nxd7 21. Rxd7 Rcc8 22. Rad1 Kf8 23. f3 Bc6 24. R7d2 Ke7 25. Kf2 Red8 26. Rxd8 Rxd8 27. Rxd8 Kxd8 28. Bd3 Ke7 29. b4 f5 30. f4 Kf6 31. g3 e5 32. h4 h6 33. h5 b6 34. a3 a5 35. Ke3 axb4 36. axb4 Ke6 37. Bc2 Be8 38. Bd1 Kd6 39. fxe5+ Kxe5 40. Bf3 Bf7 41. c5 bxc5 42. bxc5 Be8 43. c6 Kd6 44. Kf4 g6 45. Bd1 Bxc6 46. hxg6 Ke6 47. g7 Kf7 {[%emt 0:00:00] Ke4} 1/2-1/2

[Event "Moscow Open RSSU Cup 2020"]
[Site "Moscow"]
[Date "2020.01.29"]
[Round "5.4"]
[White "Korchmar, Vasiliy"]
[Black "Savchenko, Boris"]
[Result "1/2-1/2"]
[ECO "D31"]
[WhiteElo "2446"]
[BlackElo "2573"]
[Annotator "ChessBase"]
[PlyCount "156"]
[EventDate "2020.01.25"]
[EventType "swiss"]
[EventCountry "RUS"]
[SourceTitle "playchess.com"]
[Source "ChessBase"]
[SourceQuality "1"]
[TimeControl "40/5400+30:1800+30"]

1. d4 e6 2. c4 d5 3. Nc3 c6 4. Nf3 dxc4 5. e3 b5 6. a4 Bb4 7. Bd2 a5 8. axb5 Bxc3 9. Bxc3 cxb5 10. b3 Bb7 11. bxc4 b4 12. Bb2 Nf6 13. Bd3 O-O 14. O-O Nbd7 15. Nd2 Qc7 16. f4 a4 17. Rb1 g6 18. e4 Nh5 19. e5 f5 20. Be2 Ng7 21. Bf3 Nb6 22. Bxb7 Qxb7 23. Ba1 Qe7 24. Qf3 Rfc8 25. Kh1 b3 26. Rfc1 Rab8 27. h3 Qb7 28. Qe3 Qa6 29. d5 Nxc4 30. Qd3 Nh5 31. d6 Nxf4 32. Qf1 Nxg2 33. Rxc4 Ne3 34. Rxc8+ Qxc8 35. Qf3 Qc5 36. Bb2 Nc2 37. Rd1 Qb5 38. Nb1 Kf7 39. Qc3 Qb7+ 40. Kh2 Rc8 41. d7 Rd8 42. Qd2 Qf3 43. Qg5 Qe2+ 44. Kg3 Qe3+ 45. Qxe3 Nxe3 46. Rd4 g5 47. Na3 f4+ 48. Kf3 Nf5 49. Rd3 Ke7 50. Nc4 Rxd7 51. Ba3+ Kd8 52. Nd6 Ne3 53. Rd4 Nc2 54. Rxa4 Rc7 55. Bb2 Ne1+ 56. Kg4 Nd3 57. Bd4 Kd7 58. Kxg5 f3 59. Ra8 Kc6 60. Rb8 Kd5 61. Rxb3 Kxd4 62. Nb5+ Ke3 63. Nxc7 f2 64. Rb1 Ne1 65. Rb3+ Nd3 66. Rb1 h6+ 67. Kg4 Ne1 68. Rb3+ Nd3 69. Rb1 h5+ 70. Kg3 h4+ 71. Kg4 Ne1 72. Rb3+ Nd3 73. Rb1 Ne1 74. Rb3+ Kd2 75. Rb2+ Nc2 76. Rb1 Ne1 77. Rb2+ Nc2 78. Rb1 Ne1 1/2-1/2

[Event "Moscow Open RSSU Cup 2020"]
[Site "Moscow"]
[Date "2020.01.29"]
[Round "5.5"]
[White "Sychev, Klementy"]
[Black "Shuvalova, Polina"]
[Result "1-0"]
[ECO "C45"]
[WhiteElo "2563"]
[BlackElo "2445"]
[Annotator "ChessBase"]
[PlyCount "105"]
[EventDate "2020.01.25"]
[EventType "swiss"]
[EventCountry "RUS"]
[SourceTitle "playchess.com"]
[Source "ChessBase"]
[SourceQuality "1"]
[TimeControl "40/5400+30:1800+30"]

1. e4 e5 2. Nf3 Nc6 3. d4 exd4 4. Nxd4 Nf6 5. Nxc6 bxc6 6. e5 Qe7 7. Qe2 Nd5 8. g3 a5 9. c4 Ba6 10. Bg2 g6 11. b3 Bg7 12. Bb2 O-O 13. O-O a4 14. Re1 Rfe8 15. Qd2 Nb6 16. Na3 axb3 17. axb3 Bb7 18. Nc2 Rxa1 19. Bxa1 Qf8 20. Bc3 d6 21. f4 Ba8 22. h4 h5 23. c5 Nd5 24. Bxd5 cxd5 25. exd6 cxd6 26. Rxe8 Qxe8 27. Bxg7 dxc5 28. Be5 d4 29. Bxd4 cxd4 30. Qxd4 Qc6 31. Ne1 Qh1+ 32. Kf2 Bc6 33. Ke2 Qh2+ 34. Qf2 Bb5+ 35. Ke3 Qh3 36. Kd2 Qf5 37. Qe3 Qb1 38. Nc2 Qb2 39. Qc3 Qb1 40. Nd4 Bd7 41. Qc7 Bg4 42. Qc1 Qe4 43. Qg1 Kg7 44. Kc3 Bc8 45. Kb2 Bb7 46. Nc2 f6 47. Qe3 Qc6 48. Qe7+ Kh6 49. Qf8+ Kh7 50. Qf7+ Kh6 51. Qg8 Qd7 52. Qh8+ Qh7 53. Qxf6 1-0

[Event "Moscow Open RSSU Cup 2020"]
[Site "Moscow"]
[Date "2020.01.29"]
[Round "5.6"]
[White "Arslanov, Shamil"]
[Black "Afanasiev, Nikita"]
[Result "1/2-1/2"]
[ECO "D34"]
[WhiteElo "2400"]
[BlackElo "2516"]
[Annotator "ChessBase"]
[PlyCount "82"]
[EventDate "2020.01.25"]
[EventType "swiss"]
[EventCountry "RUS"]
[SourceTitle "playchess.com"]
[Source "ChessBase"]
[SourceQuality "1"]
[TimeControl "40/5400+30:1800+30"]

1. Nf3 Nf6 2. c4 c5 3. b3 e6 4. g3 d5 5. cxd5 exd5 6. Bg2 Nc6 7. O-O Bd6 8. d4 O-O 9. Bb2 Re8 10. Nc3 a6 11. Rc1 Bg4 12. dxc5 Bxc5 13. Nxd5 Bxf2+ 14. Rxf2 Nxd5 15. Ne5 Ne3 16. Qxd8 Raxd8 17. Nxc6 bxc6 18. Bxc6 Re6 19. Rf4 h5 20. Rd4 Rxd4 21. Bxd4 Nf5 22. e3 Nxe3 23. Bd7 Re4 24. Bxe3 Bxd7 25. Kf2 Re5 26. Rc4 Rd5 27. Rd4 Rxd4 28. Bxd4 f6 29. Bc3 Kf7 30. h4 Ke6 31. Ke3 Kf5 32. a3 Kg4 33. Kf2 Be6 34. b4 Bb3 35. Bd4 Ba4 36. Bc3 Bb5 37. Bd4 Bd7 38. Bc3 Be8 39. Bd4 Ba4 40. Bb2 Bc2 41. Bc1 g5 1/2-1/2

[Event "Moscow Open RSSU Cup 2020"]
[Site "Moscow"]
[Date "2020.01.29"]
[Round "5.7"]
[White "Tekeyev, Zaur"]
[Black "Lobanov, Sergei"]
[Result "1/2-1/2"]
[ECO "B51"]
[WhiteElo "2384"]
[BlackElo "2507"]
[Annotator "ChessBase"]
[PlyCount "115"]
[EventDate "2020.01.25"]
[EventType "swiss"]
[EventCountry "RUS"]
[SourceTitle "playchess.com"]
[Source "ChessBase"]
[SourceQuality "1"]
[TimeControl "40/5400+30:1800+30"]

1. e4 c5 2. Nf3 d6 3. Bb5+ Nd7 4. a4 Ngf6 5. Nc3 g6 6. a5 Bg7 7. O-O O-O 8. Re1 a6 9. Bf1 b5 10. axb6 Qxb6 11. d3 Bb7 12. h3 Bc6 13. Ra3 a5 14. Bd2 h6 15. Qa1 Qb7 16. d4 cxd4 17. Nxd4 Nc5 18. Nxc6 Qxc6 19. f3 Rfb8 20. Nd1 a4 21. Bc3 Nh5 22. Bxg7 Nxg7 23. Bc4 e6 24. Ne3 h5 25. Kh1 Rb4 26. b3 Rab8 27. bxa4 Rxa4 28. Rxa4 Nxa4 29. Qd4 Qc5 30. Qd2 Qb4 31. Qf2 Qc3 32. h4 Rb4 33. Bf1 Nc5 34. Rd1 Ne8 35. g3 Kg7 36. Kg2 Kf8 37. Qd2 Qxd2+ 38. Rxd2 Ke7 39. Kf2 f5 40. exf5 gxf5 41. Ng2 Nf6 42. Nf4 e5 43. Ng2 Ne6 44. Ne3 Ng7 45. Nc4 Nfe8 46. Ne3 Nc7 47. Nc4 Nce8 48. Ne3 Nc7 49. Nc4 Nge8 50. Ne3 Kf6 51. Rd1 f4 52. gxf4 Rxf4 53. Kg3 Ra4 54. Bc4 Ra5 55. Bb3 Rc5 56. f4 Rc3 57. fxe5+ Kxe5 58. Kf2 1/2-1/2

[Event "Moscow Open RSSU Cup 2020"]
[Site "Moscow"]
[Date "2020.01.29"]
[Round "5.8"]
[White "Bykov, Egor"]
[Black "Matinian, Nikita"]
[Result "1-0"]
[ECO "E60"]
[WhiteElo "2384"]
[BlackElo "2496"]
[Annotator "ChessBase"]
[PlyCount "77"]
[EventDate "2020.01.25"]
[EventType "swiss"]
[EventCountry "RUS"]
[SourceTitle "playchess.com"]
[Source "ChessBase"]
[SourceQuality "1"]
[TimeControl "40/5400+30:1800+30"]

1. d4 g6 2. Nf3 Bg7 3. g3 Nf6 4. Bg2 O-O 5. O-O d6 6. b3 c6 7. c4 Bf5 8. Bb2 a5 9. Nc3 Qc8 10. Re1 Ne4 11. Na4 Ra6 12. Rc1 Bh3 13. Qd3 Bxg2 14. Qxe4 Bxf3 15. Qxf3 Nd7 16. e4 c5 17. Qe3 cxd4 18. Bxd4 Ne5 19. Bxe5 Bxe5 20. c5 Qh3 21. f4 Bg7 22. Nb6 dxc5 23. Qxc5 e5 24. fxe5 h5 25. Rf1 h4 26. Rf3 hxg3 27. hxg3 Qe6 28. Nd5 Bxe5 29. Kg2 Kg7 30. Rh1 Rc6 31. Qf2 Kg8 32. Rf1 f6 33. Qd2 Rfc8 34. Qh6 Rc2+ 35. Kh1 g5 36. Qg6+ Kh8 37. Qh6+ Kg8 38. Rxf6 Qd7 39. Rf8+ 1-0

[Event "Moscow Open RSSU Cup 2020"]
[Site "Moscow"]
[Date "2020.01.29"]
[Round "5.9"]
[White "Pourramezanali, Amirreza"]
[Black "Suleymenov, Alisher"]
[Result "1/2-1/2"]
[ECO "B51"]
[WhiteElo "2488"]
[BlackElo "2382"]
[Annotator "ChessBase"]
[PlyCount "123"]
[EventDate "2020.01.25"]
[EventType "swiss"]
[EventCountry "RUS"]
[SourceTitle "playchess.com"]
[Source "ChessBase"]
[SourceQuality "1"]
[TimeControl "40/5400+30:1800+30"]

1. e4 c5 2. Nf3 d6 3. Bb5+ Nc6 4. O-O Bd7 5. Re1 Nf6 6. c3 a6 7. Bf1 Bg4 8. h3 Bxf3 9. Qxf3 e6 10. d3 Be7 11. Nd2 O-O 12. Qg3 Rc8 13. Nf3 Nh5 14. Qh2 Nf6 15. Bd2 b5 16. Rad1 Qb6 17. a3 a5 18. Bc1 Rfd8 19. Qf4 b4 20. axb4 axb4 21. Bd2 Nd7 22. Qg3 Nde5 23. Nxe5 dxe5 24. Ra1 Rd7 25. Ra2 Qd8 26. Bh6 Bf6 27. Rea1 Kh8 28. Be3 Qe7 29. Qg4 h6 30. g3 Kh7 31. h4 g6 32. Qe2 Bg7 33. h5 g5 34. Ra8 Rdd8 35. Rxc8 Rxc8 36. Qc2 Bf8 37. Ra6 Qb7 38. Qa4 Rc7 39. Be2 Kg7 40. Bd1 bxc3 41. bxc3 Qb1 42. Qc2 Qb5 43. Ra1 Rd7 44. Be2 Qb6 45. Rb1 Qa5 46. Rb3 Rc7 47. Qb2 Rd7 48. Rb5 Qa7 49. Kg2 Be7 50. Qb3 Na5 51. Qa4 Nc6 52. Qxa7 Nxa7 53. Rb6 Nc8 54. Ra6 Rb7 55. Bd1 Nb6 56. c4 Nd7 57. Ba4 Nf6 58. Rc6 Ng4 59. Kf3 Nh2+ 60. Kg2 Ng4 61. Kf3 Nh2+ 62. Kg2 1/2-1/2